 Dungeon Crawl Stone Soup version 0.25-a0-589-g1e14c549ee (webtiles) character file.

Game seed: 17538703530770555427, levelgen mode: deterministic

231 MisterFreud the Nimble (level 5, 0/25 HPs)
             Began as a Felid Skald on Mar 10, 2020.
             Slain by a gnoll
             ... wielding a +0 spear
              (6 damage)
             ... on level 5 of the Dungeon.
             The game lasted 00:13:58 (6842 turns).

MisterFreud the Nimble (Felid Skald)                Turns: 6842, Time: 00:13:59

Health: 0/25       AC:  2    Str:  7    XL:     5   Next: 72%
Magic:  18/18      EV: 24    Int: 16    God:
Gold:   172        SH:  0    Dex: 16    Spells: 2/8 levels left
                                        Lives:  0   Deaths: 2

rFire    . . .     SeeInvis +     - Unarmed
rCold    . . .     Gourm    .   (shield unavailable)
rNeg     . . .     Faith    .   (armour unavailable)
rPois    .         Spirit   .   (helmet unavailable)
rElec    .         Reflect  .   (cloak unavailable)
rCorr    .         Harm     .   (gloves unavailable)
MR       .....                  (boots unavailable)
Stlth    ++........             (no amulet)
HPRegen  0.08/turn              e - ring of magical power
MPRegen  0.16/turn              (no ring)

@: very slow
A: very small, no armour, no weapons or thrown items, stealth, claws 1, fangs 3,
see invisible, carnivore, speed 1, shaggy fur 2, slow metabolism 1, sharp paws
a: no special abilities


You were on level 5 of the Dungeon.
You were very full.

You visited 2 branches of the dungeon, and saw 6 of its levels.

You collected 172 gold pieces.

Inventory:

Jewellery
 e - a ring of magical power (left paw)
 k - an uncursed ring of fire
Wands
 i - a wand of random effects (5)
 t - a wand of iceblast (8)
Scrolls
 g - 2 scrolls of teleportation
 h - 2 scrolls of fear
 j - a scroll of magic mapping {unknown}
 l - 2 scrolls of remove curse
 m - a scroll of fog {unknown}
 o - a scroll of noise {unknown}
 r - a scroll of amnesia
Potions
 a - 3 potions of haste
 c - 2 potions of flight
 d - a potion of cancellation {unknown}
 f - a potion of degeneration {unknown}
 n - a potion of ambrosia {unknown}
 p - 2 potions of heal wounds
 q - 2 potions of might
 u - a potion of curing {unknown}
Comestibles
 b - 11 rations


   Skills:
 + Level 4.0 Fighting
 - Level 8.1 Dodging
 + Level 4.3 Stealth
 + Level 4.0 Unarmed Combat
 - Level 2.0 Spellcasting
 - Level 3.6 Charms


You had 2 spell levels left.
You knew the following spells:

 Your Spells              Type           Power        Failure   Level  Hunger
a - Infusion              Chrm           ##..         4%          1    #......
b - Shroud of Golubria    Chrm/Tloc      #.....       16%         2    ###....
c - Ozocubu's Armour      Chrm/Ice       #.......     30%         3    ###....

Your spell library contained the following spells:

 Spells                   Type           Power        Failure   Level  Hunger
 Song of Slaying          Chrm           ##......     7%          2    ###....
 Spectral Weapon          Hex/Chrm       Unusable     N/A         3    N/A

Dungeon Overview and Level Annotations

Branches:
Dungeon (5/15)             Temple (1/1) D:4

Altars:
Ashenzari
Cheibriados
Dithmenos
Elyvilon
Fedhas
Gozag
Kikubaaqudgha
Makhleb
Nemelex Xobeh
Qazlal
Ru
Sif Muna
Trog
Vehumet
Wu Jian
Xom
Yredelemnul
Zin
The Shining One


Innate Abilities, Weirdness & Mutations

You cannot wear armour.
You are incapable of wielding weapons or throwing items.
Your paws allow you to move quietly. (Stealth)
You have sharp claws.
You have razor-sharp teeth.
You have supernaturally acute eyesight. (SInv)
You are carnivorous and can eat meat at any time.
You cover ground quickly.
You are covered in thick fur. (AC +2)
You have a slow metabolism.
Your sharp claws are effective at attacking unaware monsters.


Message History

The gnoll is severely wounded.
The jackal splashes around in the water.
The gnoll completely misses you. x2; The gnoll closely misses you.
You scratch the gnoll but do no damage.
The gnoll is severely wounded.
The jackal completely misses you. The gnoll closely misses you.
The gnoll misses you.
You enter the shallow water.
Moving in this stuff is going to be slow.
The gnoll barely misses you.
The gnoll hits you from afar with a +0 spear.
* * * LOW HITPOINT WARNING * * *
The jackal completely misses you. The gnoll misses you.
The jackal completely misses you.
Your unstable footing causes you to fumble your attack.
The jackal bites you.
* * * LOW HITPOINT WARNING * * *
The jackal completely misses you.
The gnoll hits you from afar with a +0 spear.
You die...

#
##################..#
#...........ghgg.??..
#P...≈≈≈≈≈≈≈≈@h≈≈≈≈≈≈
#....≈≈≈≈≈≈≈≈≈≈≈≈≈≈≈≈
#....≈≈#####≈≈≈≈≈≈≈≈≈
#....≈≈#...#.........
#...P≈≈#gg.##########
#....≈≈###+#
#....≈≈≈.# #....≈≈≈.#
#....≈≈≈.# #####


You could see 3 gnolls and 2 jackals.

Vanquished Creatures
  A sky beast (D:4)
  An ice beast (D:4)
  A bullfrog (D:3)
  A scorpion (D:3)
  An orc priest (D:4)
  A gnoll shaman (D:5)
  Terence (D:3)
  2 orc wizards (D:4)
  3 worker ants
  6 gnolls (D:5)
  7 adders
  An ooze (D:1)
  2 worms
  4 dart slugs
  3 leopard geckos
  10 orcs
  6 bats
  5 giant cockroaches
  6 hobgoblins
  13 jackals
  A quokka (D:5)
  6 frilled lizards
  9 goblins
  7 kobolds
  8 rats
106 creatures vanquished.

Notes
Turn   | Place    | Note
-------+----------+-------------------------------------------
     0 | D:1      | MisterFreud the Felid Skald began the quest for the Orb.
     0 | D:1      | Reached XP level 1. HP: 9/9 MP: 4/4
   890 | D:1      | Reached XP level 2. HP: 13/13 MP: 3/6
   898 | D:1      | Learned a level 2 spell: Shroud of Golubria
  1720 | D:2      | Reached XP level 3. HP: 18/18 MP: 7/7
  2559 | D:2      | Reached XP level 4. HP: 22/22 MP: 8/8
  2808 | D:2      | Reached skill level 1 in Stealth
  2983 | D:3      | Learned a level 3 spell: Ozocubu's Armour
  3245 | D:3      | Reached skill level 4 in Dodging
  3487 | D:3      | Noticed a bullfrog
  3502 | D:3      | Killed a bullfrog
  3502 | D:3      | Reached XP level 5. HP: 5/25 MP: 9/9
  3814 | D:3      | Reached skill level 5 in Dodging
  4071 | D:3      | Noticed Terence
  4082 | D:3      | Killed Terence
  4364 | D:4      | Gained mutation: You are covered in thick fur. (AC +2)
                  | [Felid growth]
  4364 | D:4      | Reached XP level 6. HP: 28/28 MP: 10/10
  4434 | D:4      | Noticed a sky beast
  4445 | D:4      | Killed a sky beast
  4445 | D:4      | Reached skill level 6 in Dodging
  4866 | D:4      | Found a staircase to the Ecumenical Temple.
  4875 | Temple   | Entered the Ecumenical Temple
  5325 | D:4      | Noticed an ice beast
  5350 | D:4      | Killed an ice beast
  5631 | D:4      | Reached XP level 7. HP: 31/32 MP: 11/11
  5842 | D:4      | Reached skill level 7 in Dodging
  6083 | D:5      | Entered Level 5 of the Dungeon
  6352 | D:5      | Found a snail-covered altar of Cheibriados.
  6400 | D:5      | Found a shimmering altar of Xom.
  6400 | D:5      | Found a sparkling altar of Nemelex Xobeh.
  6409 | D:5      | Slain by a wyvern skeleton
  6410 | D:5      | Reached XP level 6. HP: -1/28 MP: 12/19
  6459 | D:5      | Reached skill level 8 in Dodging
  6625 | D:5      | Slain by a gnoll sergeant
  6626 | D:5      | Reached XP level 5. HP: 0/25 MP: 12/18
  6842 | D:5      | Slain by a gnoll

Levels and vault maps discovered:
D:1:      giann_bridges, layout_basic, minmay_domino_2
D:2:      layout_basic
D:3:      layout_basic, first_ration, uniq_terence
D:4:      layout_cave_pods, minmay_temple_entry_glass
D:5:      lemuel_castle_with_subvaults [lemuel_castle_interior_carwin_1],
          layout_rooms, slow_altar_1,
          chequers_temple_overflow_statue_of_worship, grunt_decor_fettered
Temple:   regret_index_temple_sphere_string

Skill      XL: |  1  2  3  4  5  6  7 |
---------------+----------------------+-----
Fighting       | 3 4 |  4.0
Stealth        | 2 3 4 |  4.3
Dodging        | 4 5 8 7 |  8.1
Unarmed Combat | 3 4 |  4.0
Spellcasting   | |  2.0
Charms         | |  3.6

Action                   |  1- 3 |  4- 6 |  7- 9 || total
-------------------------+-------+-------+-------++-------
Melee: Unarmed           |   106 |   237 |    74 ||   417
       Bite              |     6 |    24 |     7 ||    37
       Punch             |     1 |     4 |       ||     5
 Cast: Infusion          |    21 |    24 |     6 ||    51
       Shroud of Golubri |     4 |    24 |     8 ||    36
       Ozocubu's Armour  |       |     2 |       ||     2
Evoke: Wand              |       |       |     2 ||     2
  Use: Scroll            |       |     9 |     1 ||    10
 Stab: Sleeping          |     5 |    12 |       ||    17
       Distracted        |       |     1 |     1 ||     2
  Eat: Chunk             |    11 |    18 |     2 ||    31
Armor: Skin              |     3 |    13 |     6 ||    22
Dodge: Dodged            |    79 |   244 |    85 ||   408

Table legend:
 A = Non-vault XP
 B = Vault XP
 C = Vault XP percentage of total XP
 D = Non-vault monster count
 E = Vault monster count
 F = Vault count percentage of total count
                 A         B        C        D         E       F
            +---------+---------+-------+---------+---------+-------
      Total |     877 |     182 |  17.2 |      86 |      20 |  18.9
            +---------+---------+-------+---------+---------+-------
        D:1 |      37 |       3 |   7.5 |      18 |       2 |  10.0
        D:2 |      64 |       0 |   0.0 |      24 |       0 |   0.0
        D:3 |     225 |      36 |  13.8 |      16 |       1 |   5.9
        D:4 |     463 |       0 |   0.0 |      23 |       0 |   0.0
        D:5 |      88 |     143 |  61.9 |       5 |      17 |  77.3
            +---------+---------+-------+---------+---------+-------
